 Dungeon Crawl Stone Soup version 0.32-a0-411-g744942f433 (webtiles) character file.

Game seed: 3019610891795054898

4 ragingrage the Ruffian (level 1, -1/18 HPs)
             Began as a Naga Shapeshifter on Feb 21, 2024.
             Slain by a rat (2 damage)
             ... on level 1 of the Dungeon.
             The game lasted 00:00:08 (25 turns).

ragingrage the Ruffian (Naga Shapeshifter)            Turns: 25, Time: 00:00:09

Health: -1/18      AC:  1    Str: 16    XL:     1   Next: 70%
Magic:  1/1        EV:  9    Int: 10    God:
Gold:   0          SH:  0    Dex: 10    Spells: 0/0 levels left

rFire   . .          .
                       - Unarmed
rCold   . . .        (no shield)
rNeg    . . .        a - +0 animal skin
rPois   +            (helmet currently unavailable)
rElec   .            (cloak currently unavailable)
rCorr   .            (gloves currently unavailable)
SInv    +            (no barding)
Will    .....        (no amulet)
Stlth   +            (no ring)
HPRegen 0.23/turn    (no ring)
MPRegen 0.07/turn

%: no passive effects
@: beast-form, very slow
A: beast (slay +1), AC +0, large, see invisible, deformed body, poison
resistance, slowness 2, spit poison 1, naga tail 1
a: Spit Poison, Begin Untransformation


You were on level 1 of the Dungeon.
You were a hulking beast.
You visited 1 branch of the dungeon, and saw 1 of its levels.

Inventory:

Armour
 a - a +0 animal skin (worn)
Talismans
 c - a beast talisman (active)
 d - a flux talisman
Scrolls
 e - a scroll of identify {unknown}
Potions
 b - a potion of lignification


   Skills:
 - Level 1.0 Fighting
 - Level 1.5 Dodging
 + Level 3.1 Unarmed Combat
 + Level 3.1 Shapeshifting


You couldn't memorise any spells.
You didn't know any spells.
Your spell library was empty.

Dungeon Overview and Level Annotations

Branches:
Dungeon (1/15)

Altars:


Innate Abilities, Weirdness & Mutations

You are a hulking beast.
Your limbs bulge with bestial killing power. (Slay +1)
Your serpentine skin is tough. (AC +0)
You have supernaturally acute eyesight. (SInv)
Armour fits poorly on your strangely shaped body.
Your system is resistant to poisons. (rPois)
You cover ground very slowly.
You can spit poison.
You have a snake-like lower body.


Message History

Options error: Missing colour in message_colour setting: 'f \- you' Welcome, ragingrage the Naga Shapeshifter.
Everyone else who sought the Orb of Zot has failed.
Will you be different?
Found 2 scrolls labelled ZEXZUS VENOENN and a dagger.
Found a staircase leading out of the dungeon.
A rat comes into view.
You see here a scroll labelled ZEXZUS VENOENN.
A rat is nearby!
A rat is nearby!
The rat squeaks loudly.
You hear a shout!
A ball python comes into view.
You see here a scroll labelled ZEXZUS VENOENN.
e - a scroll labelled ZEXZUS VENOENN The ball python hisses angrily.
A bat comes into view.
A frilled lizard comes into view.
A hobgoblin comes into view.
The frilled lizard moves out of view.
There is a staircase leading out of the dungeon here.
The rat bites you. The rat barely misses you.
The rat attacks as it pursues you! The rat barely misses you.
The rat attacks as it pursues you! The rat bites you. x2
The rat closely misses you. The bat hits you.
The bat attacks as it pursues you! The bat hits you but does no damage. x2
The bat barely misses you. The bat hits you.
The bat hits you but does no damage.
You hit the bat.
You kill the bat!
You hit the ball python.
You kill the ball python!
You hit the hobgoblin. The hobgoblin hits you.
You hit the hobgoblin. The hobgoblin hits you.
You barely miss the hobgoblin. The hobgoblin closely misses you.
You closely miss the hobgoblin. The hobgoblin hits you.
* * * LOW HITPOINT WARNING * * *
You closely miss the hobgoblin. The hobgoblin hits you.
* * * LOW HITPOINT WARNING * * *
You punch the hobgoblin!
You kill the hobgoblin!
You closely miss the rat. The rat bites you.
You die...

#...# #...#
#...# ...
#...# ....
...# ##....
###.###.....
#.......l)#
#r#.....#.#
#h#.....#.###
#.#.....#...#
#.#.....#.#.#
#.#..<..#.....
#.#.....#.....
#.#.....#.....
#.#.....#.....
#.#.....#.....
#.............


You could see a frilled lizard (wandering) and a rat.

Vanquished Creatures
  A hobgoblin (D:1)
  A ball python (D:1)
  A bat (D:1)
3 creatures vanquished.

Notes
Turn   | Place    | Note
-------+----------+-------------------------------------------
     0 | D:1      | ragingrage the Naga Shapeshifter began the quest for the
                  | Orb.
     0 | D:1      | Reached XP level 1. HP: 18/18 MP: 1/1
    25 | D:1      | Slain by a rat

Illustrated notes

Levels and vault maps discovered:
D:1:      minmay_arrival_semitransparent, layout_basic

Action                     || total
---------------------------++-------
  Melee: Unarmed           ||     9
 Armour: Animal skin       ||    13
  Dodge: Dodged            ||     5

Table legend: (Time is in decaauts)
 A = Elapsed time spent in this place.
 B = Non-inter-level travel time spent in this place.
 C = Inter-level travel time spent in this place.
 D = Time resting spent in this place.
 E = Time spent auto-exploring this place.
 F = Levels seen in this place.
 G = Mean time per level.
                   A        B        C        D        E       F      G
               +--------+--------+--------+--------+--------+-----+--------+
         Total |     31 |     31 |      0 |      0 |      1 |   1 |   31.0 |
       Dungeon |     31 |     31 |      0 |      0 |      1 |   1 |   31.0 |
               +--------+--------+--------+--------+--------+-----+--------+

Top non-repeatable levels by time:
     D:1: 31 daAuts
